 Dungeon Crawl Stone Soup version 0.31-a0-816-gd61d57ddb1 (webtiles) character file.

Game seed: 6370789541719670487

1420 ipx the Cleaver (level 8, 0/63 HPs)
             Began as a Demonspawn Gladiator on Sept 23, 2023.
             Killed from afar by Blork the orc (10 damage)
             ... with a puff of frost
             ... on level 6 of the Dungeon.
             The game lasted 00:26:31 (1970 turns).

ipx the Cleaver (Demonspawn Gladiator)              Turns: 1970, Time: 00:26:32

Health: 0/63       AC: 10    Str: 14 (17) XL:     8   Next: 43%
Magic:  8/8        EV:  9    Int:  9 (10) God:
Gold:   1295       SH:  0    Dex: 13 (14) Spells: 7/7 levels left

rFire   + + .        a - +0 war axe
rCold   . . .        (no shield)
rNeg    . . .        v - +0 chain mail
rPois   .            r - +0 helmet
rElec   .            (no cloak)
rCorr   .            (no gloves)
SInv    .            p - +0 pair of boots
Will    .....        (no amulet) Stlth
                     f - ring of protection from fire
HPRegen 0.30/turn    w - ring of protection from fire
MPRegen 0.11/turn

%: no passive effects
@: brilliant, attractive
A: hooves 2, repulsion field 1, ignite blood 1, demonic magic 1
a: no special abilities


You were on level 6 of the Dungeon.
You visited 1 branch of the dungeon, and saw 7 of its levels.
You also visited: Sewer.

You collected 1295 gold pieces.

Inventory:

Hand Weapons
 a - a +0 war axe (weapon)
 n - a +3 whip
Missiles
 e - a javelin
Armour
 j - a +0 scale mail
 p - a +0 pair of boots (worn)
 r - a +0 helmet (worn)
 t - an orb of wrath
 u - a +0 kite shield
 v - a +0 chain mail (worn)
Magical Staves
 d - a staff of fire
Jewellery
 c - a ring of protection from cold
 f - a ring of protection from fire (left hand)
 h - a ring of magical power
 m - a ring of willpower
 w - a ring of protection from fire (right hand)
Wands
 l - a wand of quicksilver (6)
Scrolls
 g - 4 scrolls of teleportation
 q - 2 scrolls of identify {unknown}
Potions
 i - a potion of curing
 o - a potion of enlightenment
 s - a potion of attraction


   Skills:
 + Level 5.6 Fighting
 + Level 8.7 Axes
 - Level 1.7 Throwing
 - Level 2.6 Dodging


You had 7 spell levels left.
You didn't know any spells.
Your spell library contained the following spells:

 Spells                   Type           Power      Damage    Failure   Level
 Slow                     Hex            0%         N/A       100%        1
 Confusing Touch          Hex            0%         N/A       100%        3
 Dazzling Flash           Conj/Hex       0%         N/A       100%        3
 Ozocubu's Armour         Ice            0%         N/A       100%        3
 Sigil of Binding         Hex            0%         N/A       100%        3
 Vampiric Draining        Necr           0%         2d6       100%        3
 Summon Ice Beast         Ice/Summ       0%         N/A       100%        4
 Iskenderun's Battlesphe  Conj           0%         2d6       100%        5


Dungeon Overview and Level Annotations

Branches:
Dungeon (7/15)              Sewer (visited)
 Temple: D:4-7

Altars:
Sif Muna

Shops:
D:3 :

Annotations:
D:6 1 runed translucent door, Blork the orc; Jeremiah; WhatIsLove's ghost, novice HOMo


Innate Abilities, Weirdness & Mutations

You have hoof-like feet.
You are surrounded by a mild repulsion field. (EV +2)
Your demonic aura sometimes causes spilled blood to erupt in flames.
Spells you cast may paralyse adjacent enemies.


Message History

You feel attractive to monsters. Blork the orc is attracted toward you.
It was a potion of degeneration.
There was something very wrong with that liquid.
You feel weakened.
You feel dopey.
You feel clumsy. Blork the orc closely misses you.
It was a potion of brilliance.
You feel clever all of a sudden.
Blork the orc hits you with a +2 glaive of flaming.
You closely miss Blork the orc. Blork the orc casts a spell at you.
The magic dart hits you.
You closely miss Blork the orc.
Blork the orc hits you with a +2 glaive of flaming!
Blork the orc burns you.
You miss Blork the orc. Blork the orc barely misses you.
You hit Blork the orc.
Blork the orc is lightly wounded.
Blork the orc barely misses you.
You barely miss Blork the orc.
Blork the orc is lightly wounded.
Blork the orc looks braver for a moment.
You slash Blork the orc!
Blork the orc is heavily wounded.
Blork the orc points at you and mumbles some strange words.
The magic dart hits you.
You hit Blork the orc.
Blork the orc is heavily wounded.
Blork the orc looks encouraged for a moment.
You hit Blork the orc.
Blork the orc is severely wounded.
Blork the orc hits you with a +2 glaive of flaming.
* * * LOW HITPOINT WARNING * * *
Blork the orc hits you with a +2 glaive of flaming!
* * * LOW HITPOINT WARNING * * *
You slash Blork the orc!
Blork the orc is almost dead.
Blork the orc casts a spell at you. The puff of frost hits you!
You die...

.. .. . #. .# #
##### .#'##..
###...##.......
#.'...'@o.>....
#
#.#...###....##
#.. #.#...#
...# ...
#.#...# ..# ###
#.#...# .#
#.#...# # #
#.#...# #
#.#...# # #.#


You could see Blork the orc.

Vanquished Creatures
  A water moccasin (D:6)
  An orc warrior (D:6)
  2 ice beasts (D:6)
  3 black bears
  A centaur (D:7)
  2 phantoms (D:5)
  2 bullfrogs (Sewer)
  A scorpion (D:4)
  A howler monkey (D:6)
  A jelly (D:6)
  An orc priest (D:6)
  2 hounds (D:5)
  4 gnolls (D:5)
  8 adders
  A white imp (D:7)
  12 orcs
  4 endoplasms
  5 giant cockroaches
  2 goblins
  4 hobgoblins
  7 jackals
  7 quokkas
  13 ball pythons
  3 bats
  11 frilled lizards
  A kobold (D:4)
  4 rats
104 creatures vanquished.

Vanquished Creatures (collateral kills)
  A hobgoblin (D:4)
1 creature vanquished.

Grand Total: 105 creatures vanquished

Notes
Turn   | Place    | Note
-------+----------+-------------------------------------------
     0 | D:1      | ipx the Demonspawn Gladiator began the quest for the Orb.
     0 | D:1      | Reached XP level 1. HP: 16/16 MP: 1/1
   116 | D:2      | Reached skill level 3 in Axes
   156 | D:2      | Gained mutation: You have large cloven feet. [demonic
                  | ancestry]
   156 | D:2      | Reached XP level 2. HP: 21/22 MP: 2/2
   296 | D:2      | You fall into a shaft and drop 2 floors!
   348 | D:4      | Found a glowing drain.
   356 | D:4      | Gained mutation: Your demonic aura sometimes causes spilled
                  | blood to erupt in flames. [demonic ancestry]
   356 | D:4      | Reached XP level 3. HP: 23/27 MP: 3/3
   370 | Sewer    | Entered a sewer
   428 | Sewer    | Reached skill level 4 in Axes
   603 | Sewer    | Noticed a bullfrog
   603 | Sewer    | Noticed a bullfrog
   610 | Sewer    | Killed a bullfrog
   611 | Sewer    | Reached skill level 5 in Axes
   611 | Sewer    | Reached XP level 4. HP: 21/33 MP: 4/4
   612 | Sewer    | Killed a bullfrog
   613 | Sewer    | Gained mutation: Spells you cast may paralyse adjacent
                  | enemies. [demonic ancestry]
   613 | Sewer    | Reached XP level 5. HP: 24/38 MP: 5/5
   679 | D:3      | Found a faded altar of an unknown god.
   756 | D:3      | Found Vaucauxe's Book Shoppe.
   832 | D:4      | Identified a scroll of acquirement
   832 | D:4      | Acquired 1100 gold pieces
   878 | D:4      | Reached skill level 6 in Axes
   878 | D:4      | Gained mutation: You have hoof-like feet. [demonic
                  | ancestry]
   878 | D:4      | Reached XP level 6. HP: 44/44 MP: 6/6
   903 | D:5      | Entered Level 5 of the Dungeon
   979 | D:6      | Noticed an ice beast
   997 | D:5      | Reached skill level 7 in Axes
  1017 | D:5      | Reached XP level 7. HP: 34/51 MP: 7/7
  1340 | D:7      | Identified the +3 leather armour of the Boiling Point
                  | {rElec rF- rC- Stlth+}
  1435 | D:6      | Reached skill level 8 in Axes
  1522 | D:6      | Gained mutation: You are surrounded by a mild repulsion
                  | field. (EV +2) [demonic ancestry]
  1522 | D:6      | Reached XP level 8. HP: 39/61 MP: 8/8
  1635 | D:6      | Reached skill level 5 in Fighting
  1640 | D:6      | Noticed Jeremiah
  1672 | D:5      | Found a shimmering blue altar of Sif Muna.
  1702 | D:5      | Got a moth-eaten book
  1805 | D:6      | Found a runed translucent door.
  1808 | D:6      | Noticed WhatIsLove's ghost (novice HOMo)
  1953 | D:6      | Noticed Blork the orc
  1970 | D:6      | Killed from afar by Blork the orc

Illustrated notes

Levels and vault maps discovered:
D:1:      lightli_arrival_noodles, layout_loops_ring
D:2:      layout_rooms, basic_altar, minmay_pentomino_s2
D:3:      layout_rooms, lemuel_zombie_altar_yredelemnul, basic_ecumenical_altar,
          serial_shops, shop, roderic_batcave
D:4:      layout_loops_ring, cheibrodos_sewer_entry_drain
D:5:      layout_basic, general_overflow_altar
D:6:      layout_basic, nicolae_overflow_crystal_walls,
          ebering_ghost_reflecting_pool, uniq_jeremiah, uniq_blork_the_orc
D:7:      layout_loops_corners, grunt_gozag_breadcrumbs, temple_statues

Skill      XL: |  1  2  3  4  5  6  7  8 |
---------------+-------------------------+-----
Axes           | 3 5 6 7 8 |  8.7
Fighting       | 4 5 |  5.6
Throwing       | |  1.7
Dodging        | |  2.6

Action                     |  1- 3 |  4- 6 |  7- 9 || total
---------------------------+-------+-------+-------++-------
  Melee: War axe           |   108 |    78 |   149 ||   335
         Kick              |    22 |     5 |       ||    27
         Punch             |       |       |     2 ||     2
  Throw: Throwing net      |     1 |     2 |     4 ||     7
         Javelin           |       |       |     1 ||     1
    Use: Scroll            |     2 |     5 |       ||     7
         Potion            |       |       |     5 ||     5
   Stab: Held in net/web   |       |       |     1 ||     1
 Armour: Leather armour    |    60 |       |       ||    60
         Scale mail        |       |    57 |   119 ||   176
         Chain mail        |       |       |     7 ||     7
  Dodge: Dodged            |    83 |    43 |    78 ||   204

Table legend: (Time is in decaauts)
 A = Elapsed time spent in this place.
 B = Non-inter-level travel time spent in this place.
 C = Inter-level travel time spent in this place.
 D = Time resting spent in this place.
 E = Time spent auto-exploring this place.
 F = Levels seen in this place.
 G = Mean time per level.
                   A        B        C        D        E       F      G
               +--------+--------+--------+--------+--------+-----+--------+
         Total |   2071 |   2007 |     64 |      0 |      0 |   8 |  258.9 |
       Dungeon |   1745 |   1681 |     64 |      0 |      0 |   7 |  249.3 |
         Sewer |    325 |    325 |      0 |      0 |      0 |   1 |  325.0 |
               +--------+--------+--------+--------+--------+-----+--------+

Top non-repeatable levels by time:
     D:6: 472 daAuts
     D:5: 459 daAuts
   Sewer: 325 daAuts
     D:4: 224 daAuts
     D:1: 194 daAuts
     D:3: 168 daAuts
     D:2: 129 daAuts
     D:7: 96 daAuts
